 Dungeon Sprint DCSS version 0.31-a0-841-g038b102fc3 (webtiles) character file.

Game seed: 6465044792302581746

29 sircluck the Ruffian (level 3, -10/58 HPs)
             Began as a Troll Berserker on Sept 27, 2023.
             Was a Follower of Trog.
             Mangled by a snapping turtle (13 damage)
             ... in the Dungeon (Sprint VII: "The Pits").
             The game lasted 00:00:19 (133 turns).

sircluck the Ruffian (Troll Berserker)               Turns: 133, Time: 00:00:20

Health: -10/58     AC:  4    Str: 27    XL:     3   Next: 1%
Magic:  2/2        EV: 10    Int:  3    God:    Trog [*.....]
Gold:   0          SH:  0    Dex:  9    Spells: 2/2 levels left

rFire   . .          .
                       - Unarmed
rCold   . . .        (no shield)
rNeg    . . .        a - +0 animal skin
rPois   .            (helmet restricted)
rElec   .            (no cloak)
rCorr   .            (gloves unavailable)
SInv    .            (boots unavailable)
Will    .....        (no amulet) Stlth
                     (no ring)
HPRegen 1.09/turn    (no ring)
MPRegen 0.08/turn

%: no teleportation
@: berserking (expiring), very quick
A: large, unfitting armour, claws 3, regeneration 1, shaggy fur 1, tough skin 1
a: Renounce Religion, Berserk


You were in the Dungeon.
You worshipped Trog.
Trog was aware of your devotion.
You visited 1 branch

Inventory:

Armour
 a - a +0 animal skin (worn)
Scrolls
 g - a scroll of blinking
Potions
 b - a potion of curing
 c - a potion of heal wounds
 d - a potion of haste
 e - 2 potions of magic
 f - a potion of berserk rage


   Skills:
 + Level 3.7 Fighting
 + Level 3.7 Dodging
 + Level 4.5 Unarmed Combat


You had 2 spell levels left.
You didn't know any spells.
Your spell library was empty.

Dungeon Overview and Level Annotations

Branches:
Dungeon (1/1)

Altars:


Innate Abilities, Weirdness & Mutations

You are too large for most types of armour.
You have claws for hands.
Your natural rate of healing is unusually fast.
You are covered in fur. (AC +1)
You have tough skin. (AC +1)


Message History

You claw the hound!
You kill the hound!
Trog accepts your kill. Something hits you but does no damage.
Your Fighting skill increases to level 3!
Your Dodging skill increases to level 3!
Your Unarmed Combat skill increases to level 4!
You have reached level 2!
You have reached level 3!
Your experience leads to an increase in your attributes!
Increase (S)trength, (I)ntelligence, or (D)exterity?
You feel stronger. x3
Unknown command.
Unknown command.
The snapping turtle bites you from afar!!
There is an open gate, spattered with blood here.
You feel a strong urge to attack something.
The snapping turtle barely misses you.
You scratch the snapping turtle.
The snapping turtle is lightly wounded.
Something hits you! x2
* * * LOW HITPOINT WARNING * * *
You scratch the snapping turtle.
The snapping turtle is lightly wounded.
Something hits you.
* * * LOW HITPOINT WARNING * * *
The snapping turtle closely misses you.
You scratch the snapping turtle.
The snapping turtle is lightly wounded.
Something hits you.
* * * LOW HITPOINT WARNING * * *
You mangle the snapping turtle!!
The snapping turtle is heavily wounded.
Something hits you.
* * * LOW HITPOINT WARNING * * *
The snapping turtle barely misses you.
You scratch the snapping turtle.
The snapping turtle is heavily wounded.
Something hits you but does no damage. The snapping turtle bites you!
You die...

#................#
####'#####''######
#.......##''#
#.......##..#
#.......##..#
#...<...##..####
#.......##..#..###
#.......##..#....##
#.......##..'@t...#
##########..'.....+
#..'.....#
#..#....##
#..#..### #..####
#..# #..#


You could see a snapping turtle.

Vanquished Creatures
  A hound (D)
1 creature vanquished.

Notes
Turn   | Place    | Note
-------+----------+-------------------------------------------
     0 | D        | sircluck the Troll Berserker began the quest for the Orb.
     0 | D        | Reached XP level 1. HP: 22/22 MP: 0/0
    21 | D        | Noticed a snapping turtle
    21 | D        | Noticed a hound
   126 | D        | Killed a hound
   127 | D        | Reached skill level 4 in Unarmed Combat
   127 | D        | Reached XP level 2. HP: 32/32 MP: 1/1
   127 | D        | Reached XP level 3. HP: 39/39 MP: 2/2
   133 | D        | Mangled by a snapping turtle

Illustrated notes

Levels and vault maps discovered:
D:        pitsprint [storerooms_1, entrance_room_1, metal_vault_1, armoury_1,
          mini_pit_1, grid_room_1, main_hall_1, silver_pit, the_coven_3,
          the_vestibule_1, steel_vault_1, golden_pit, hallway_of_sentries,
          crystal_vault_3, iron_vault_1, final_vault]

Skill      XL: |  1 |
---------------+----+-----
Fighting       | 3 |  3.7
Dodging        | 3 |  3.7
Unarmed Combat | 4 |  4.5

Action                     || total
---------------------------++-------
  Melee: Unarmed           ||     7
 Invoke: Berserk           ||     1
 Armour: Animal skin       ||    12
  Dodge: Dodged            ||     5

Table legend: (Time is in decaauts)
 A = Elapsed time spent in this place.
 B = Non-inter-level travel time spent in this place.
 C = Inter-level travel time spent in this place.
 D = Time resting spent in this place.
 E = Time spent auto-exploring this place.
 F = Levels seen in this place.
 G = Mean time per level.
                   A        B        C        D        E       F      G
               +--------+--------+--------+--------+--------+-----+--------+
         Total |    130 |    130 |      0 |    100 |     21 |   1 |  130.0 |
       Dungeon |    130 |    130 |      0 |    100 |     21 |   1 |  130.0 |
               +--------+--------+--------+--------+--------+-----+--------+

Top non-repeatable levels by time:
       D: 130 daAuts
